 Dungeon Crawl Stone Soup version 0.31-a0-983-g7b6862f502 (webtiles) character file.

Game seed: 243286134514065262

149 Firecrotchwizard the Digger (level 5, -10/28 HPs)
             Began as a Gargoyle Earth Elementalist on Nov 3, 2023.
             Killed from afar by Ijyb (17 damage)
             ... with a bolt of acid
             ... on level 3 of the Dungeon.
             The game lasted 00:09:12 (2908 turns).

Firecrotchwizard the Digger (GrEE)                  Turns: 2908, Time: 00:09:13

Health: -10/28     AC:  4    Str: 12    XL:     5   Next: 31%
Magic:  13/18      EV: 11    Int: 17    God:
Gold:   89         SH:  0    Dex: 10    Spells: 3/10 levels left

rFire   . . .        e - +0 short sword
rCold   + . .        (no shield)
rNeg    + . .        a - +0 robe
rPois   ∞            (no helmet)
rElec   +            p - +0 cloak
rCorr   .            i - +0 pair of gloves
SInv    .            (no boots)
Will    .....        (no amulet)
Stlth   ++           j - ring of magical power
HPRegen 0.24/turn    k - ring of protection from cold
MPRegen 0.16/turn

%: no passive effects
@: corroded
A: sickness immunity, AC +4, negative energy resistance 1, electricity
resistance, torment resistance 1, petrification resistance
a: no special abilities


You were on level 3 of the Dungeon.
You visited 1 branch of the dungeon, and saw 3 of its levels.

You collected 89 gold pieces.

Inventory:

Hand Weapons
 e - a +0 short sword (weapon)
Missiles
 l - 3 poisoned darts
Armour
 a - a +0 robe (worn)
 i - a +0 pair of gloves (worn)
 p - a +0 cloak (worn)
Jewellery
 j - a ring of magical power (left hand)
 k - a ring of protection from cold (right hand)
 m - a ring of positive energy
 r - a ring of positive energy
Wands
 o - a wand of paralysis (14)
Scrolls
 c - a scroll of immolation {unknown}
 d - 2 scrolls of fear {unknown}
 g - a scroll of identify {unknown}
 h - 3 scrolls of fog {unknown}
 q - a scroll of noise {unknown}
Potions
 b - a potion of magic
 f - 3 potions of curing {unknown}
 n - a potion of heal wounds {unknown}


   Skills:
 - Level 1.5 Dodging
 - Level 2.1 Stealth
 + Level 3.2 Spellcasting
 - Level 0.7 Transmutations
 * Level 6.1 Earth Magic


You had 3 spell levels left.
You knew the following spells:

 Your Spells              Type           Power      Damage    Failure   Level
a - Sandblast             Erth           46%        2d11      1%          1
b - Passwall              Tmut/Erth      11%        N/A       6%          2
c - Brom's Barrelling Bo  Conj/Erth      13%        2d4       43%         4

Your spell library contained the following spells:

 Spells                   Type           Power      Damage    Failure   Level
 Stone Arrow              Conj/Erth      26%        3d8       14%         3
 Apportation              Tloc           4%         N/A       17%         1
 Magic Dart               Conj           8%         1d3       17%         1
 Necrotise                Necr           8%         1d4       17%         1
 Summon Small Mammal      Summ           8%         N/A       17%         1
 Searing Ray              Conj           4%         2d4       26%         2
 Ozocubu's Armour         Ice            2%         N/A       45%         3
 Summon Guardian Golem    Hex/Summ       2%         N/A       45%         3
 Petrify                  Tmut/Erth      14%        N/A       38%         4
 Fulminant Prism          Conj/Hex       1%         3d5       86%         4
 Orb of Destruction       Conj           1%         9d5       100%        7
 Ozocubu's Refrigeration  Ice            1%         4d7       100%        7
 Spellforged Servitor     Conj/Summ      1%         N/A       100%        7


Dungeon Overview and Level Annotations

Branches:
Dungeon (3/15)

Altars:

Annotations:
D:3 Ijyb


Innate Abilities, Weirdness & Mutations

You are immune to sickness and miasma.
Your stone body is resilient. (AC +4)
You are immune to poison.
You resist negative energy. (rN+)
You are resistant to electric shocks. (rElec)
You are resistant to unholy torment.
You are immune to petrification.


Message History

The blast of sand hits the gnoll.
The gnoll is heavily wounded.
The gnoll hits you with a +0 flail!
* * * LOW HITPOINT WARNING * * *
Casting: Sandblast (safe; 1% risk of failure)
Confirm with . or Enter, or press ? or * to list all spells.
Aiming: Sandblast (safe; 1% risk of failure)
Press: ? - help, Shift-Dir - straight line, f/p - gnoll
Aim: a gnoll, wielding a +0 flail (heavily wounded, 85% to hit)
The blast of sand hits the gnoll!
You kill the gnoll!
Casting: Sandblast (safe; 1% risk of failure)
Confirm with . or Enter, or press ? or * to list all spells.
Aiming: Sandblast (safe; 1% risk of failure)
Press: ? - help, Shift-Dir - straight line, f - goblin
Aim: a goblin, wielding a +0 club (79% to hit)
The blast of sand hits the goblin!
You kill the goblin!
You start resting.
A goblin comes into view. It is wielding a +0 club.
The goblin shouts!
Casting: Sandblast (safe; 1% risk of failure)
Confirm with . or Enter, or press ? or * to list all spells.
Aiming: Sandblast (safe; 1% risk of failure)
Press: ? - help, Shift-Dir - straight line, f - goblin
Aim: a goblin, wielding a +0 club (79% to hit)
The blast of sand hits the goblin!!
You kill the goblin!
You start resting.
A goblin comes into view. It is wielding a +0 triple crossbow.
The goblin shouts!
You hear a shout! x2
The goblin shoots a bolt.
The bolt hits you!
* * * LOW HITPOINT WARNING * * *
The goblin shoots a bolt.
The bolt barely misses you.
Casting: Sandblast (safe; 1% risk of failure)
Confirm with . or Enter, or press ? or * to list all spells.
Aiming: Sandblast (safe; 1% risk of failure)
Press: ? - help, Shift-Dir - straight line, f - goblin
Aim: a goblin, wielding a +0 triple crossbow (79% to hit)
The blast of sand hits the goblin.
You kill the goblin!
You start resting.
Ijyb the Twisted Goblin comes into view.
She is wielding a +0 club and carrying a wand of acid.
A goblin comes into view. It is wielding a +0 dagger.
You see here a +0 club.
A goblin comes into view. It is wielding a +0 club.
The goblin hits you but does no damage.
Ijyb zaps a wand.
The bolt of acid hits the goblin!
The acid corrodes the goblin!
The goblin dies!
The bolt of acid misses you.
The goblin shouts!
You see here a +0 flail.
Casting: Sandblast (safe; 1% risk of failure)
Confirm with . or Enter, or press ? or * to list all spells.
Aiming: Sandblast (safe; 1% risk of failure)
Press: ? - help, Shift-Dir - straight line, f - Ijyb
Aim: Ijyb, wielding a +0 club, wearing a +0 chain mail and carrying a wand of acid (83% to hit)
The blast of sand hits Ijyb.
Ijyb is lightly wounded.
A goblin comes into view. It is wielding a +0 club.
Casting: Sandblast (safe; 1% risk of failure)
Confirm with . or Enter, or press ? or * to list all spells.
Aiming: Sandblast (safe; 1% risk of failure)
Press: ? - help, Shift-Dir - straight line, f/p - Ijyb
Aim: Ijyb, wielding a +0 club, wearing a +0 chain mail and carrying a wand of acid (lightly wounded, 83% to hit)
The blast of sand misses Ijyb.
Ijyb screams, "I dance on your bones!" Ijyb closely misses you.
Ijyb hits you with a +0 club.
Casting: Sandblast (safe; 1% risk of failure)
Confirm with . or Enter, or press ? or * to list all spells.
Aiming: Sandblast (safe; 1% risk of failure)
Press: ? - help, Shift-Dir - straight line, f/p - Ijyb
Aim: Ijyb, wielding a +0 club, wearing a +0 chain mail and carrying a wand of acid (lightly wounded, 83% to hit)
The blast of sand hits Ijyb but does no damage.
Ijyb is lightly wounded.
Ijyb barely misses you.
Casting: Sandblast (safe; 1% risk of failure)
Confirm with . or Enter, or press ? or * to list all spells.
Aiming: Sandblast (safe; 1% risk of failure)
Press: ? - help, Shift-Dir - straight line, f/p - Ijyb
Aim: Ijyb, wielding a +0 club, wearing a +0 chain mail and carrying a wand of acid (lightly wounded, 83% to hit)
The blast of sand hits Ijyb!
Ijyb is moderately wounded.
Ijyb barely misses you.
Ijyb zaps a wand.
The bolt of acid hits you!
* * * LOW HITPOINT WARNING * * *
The acid corrodes you!
Casting: Sandblast (safe; 1% risk of failure)
Confirm with . or Enter, or press ? or * to list all spells.
Aiming: Sandblast (safe; 1% risk of failure)
Press: ? - help, Shift-Dir - straight line, f/p - Ijyb
Aim: Ijyb, wielding a +0 club, wearing a +0 chain mail and carrying a wand of acid (moderately wounded, 83% to hit)
The blast of sand hits Ijyb but does no damage.
Ijyb is moderately wounded.
Ijyb zaps a wand.
The bolt of acid hits you!
Ouch! That really hurt!
You die...

.############
#.#
............#
###.#
###########.#
#...# #.#
#.### #.##
#.# #..# #.#
##.# #.# #.#
#)# #.# #@#
#.# #g# #.#
#g# ### #g#
##### ..#
....# ..#
###.## .<#
#...# ...#
##...#


You could see Ijyb and 2 goblins.

Vanquished Creatures
  Natasha (D:3)
  3 gnolls (D:3)
  3 adders
  3 dart slugs
  6 orcs (D:3)
  A ball python (D:1)
  3 bats
  3 endoplasms (D:1)
  A giant cockroach (D:1)
  6 goblins
  4 hobgoblins
  6 quokkas
  5 frilled lizards
  6 kobolds
  6 rats
57 creatures vanquished.

Vanquished Creatures (others)
  A goblin (D:3)
1 creature vanquished.

Grand Total: 58 creatures vanquished

Notes
Turn   | Place    | Note
-------+----------+-------------------------------------------
     0 | D:1      | Firecrotchwizard the Gargoyle Earth Elementalist began the
                  | quest for the Orb.
     0 | D:1      | Reached XP level 1. HP: 10/10 MP: 3/3
   341 | D:1      | Reached skill level 4 in Earth Magic
   356 | D:1      | Reached XP level 2. HP: 9/15 MP: 1/5
  1275 | D:2      | Reached XP level 3. HP: 19/19 MP: 4/6
  1576 | D:2      | Learned a level 2 spell: Passwall
  1612 | D:2      | Reached skill level 5 in Earth Magic
  2188 | D:3      | Noticed Natasha
  2191 | D:3      | Killed Natasha
  2192 | D:3      | Reached XP level 4. HP: 17/24 MP: 8/8
  2249 | D:3      | Learned a level 4 spell: Brom's Barrelling Boulder
  2768 | D:3      | Reached XP level 5. HP: 28/28 MP: 9/9
  2853 | D:3      | Reached skill level 6 in Earth Magic
  2899 | D:3      | Noticed Ijyb
  2908 | D:3      | Killed from afar by Ijyb

Illustrated notes

Levels and vault maps discovered:
D:1:      dpeg_arrival_lava_temple_mockup, layout_loops_corners
D:2:      layout_loops_ring
D:3:      kennysheep_the_goblin_king, layout_loops_ring, serial_rivers,
          chequers_serial_rivers_micro_a, chequers_serial_rivers_micro_b,
          chequers_serial_rivers_micro_d, chequers_serial_rivers_micro_a,
          uniq_natasha

Skill      XL: |  1  2  3  4  5 |
---------------+----------------+-----
Earth Magic    | 4 5 6 |  6.1
Spellcasting   | 3 |  3.2
Dodging        | |  1.5
Stealth        | |  2.1
Transmutations | |  0.7

Action                     |  1- 3 |  4- 6 || total
---------------------------+-------+-------++-------
  Melee: Unarmed           |    25 |       ||    25
         Short sword       |    58 |    62 ||   120
         Punch             |       |     1 ||     1
   Cast: Sandblast         |    24 |    37 ||    61
   Stab: Sleeping          |     4 |     2 ||     6
 Armour: Robe              |    48 |    47 ||    95
  Dodge: Dodged            |    60 |    42 ||   102

Table legend: (Time is in decaauts)
 A = Elapsed time spent in this place.
 B = Non-inter-level travel time spent in this place.
 C = Inter-level travel time spent in this place.
 D = Time resting spent in this place.
 E = Time spent auto-exploring this place.
 F = Levels seen in this place.
 G = Mean time per level.
                   A        B        C        D        E       F      G
               +--------+--------+--------+--------+--------+-----+--------+
         Total |   2944 |   2767 |    177 |    185 |   2103 |   3 |  981.3 |
       Dungeon |   2944 |   2767 |    177 |    185 |   2103 |   3 |  981.3 |
               +--------+--------+--------+--------+--------+-----+--------+

Top non-repeatable levels by time:
     D:1: 1278 daAuts
     D:2: 845 daAuts
     D:3: 820 daAuts
